 Dungeon Crawl Stone Soup version 0.30-a0-605-gb2882149bf (webtiles) character file.

Game seed: 1892397010198881358

74 OTABOTABOTAB the Insei (level 4, 34/34 HPs)
             Began as a Gnoll Transmuter on Jan 7, 2023.
             Quit the game on level 2 of the Dungeon.
             The game lasted 00:02:37 (1952 turns).

OTABOTABOTAB the Insei (Gnoll Transmuter)           Turns: 1952, Time: 00:02:38

Health: 34/34      AC:  4    Str: 12    XL:     4   Next: 30%
Magic:  11/11      EV: 13    Int: 18    God:
Gold:   78         SH:  0    Dex: 12    Spells: 3/13 levels left

rFire   . . .      SeeInvis .    k - +1 mace (holy)
rCold   . . .      Faith    .    (no shield)
rNeg    . . .      Spirit   .    a - +0 robe
rPois   .          Reflect  .    (no helmet)
rElec   .          Harm     .    (no cloak)
rCorr   .          Rampage  .    l - +0 pair of gloves
Will    .....                    i - +0 pair of boots
Stlth   ++                       (no amulet)
HPRegen 0.25/turn                I - +6 ring of intelligence
MPRegen 0.12/turn                (no ring)

@: no status effects
A: fangs 1, strong nose, distributed training
a: no special abilities


You were on level 2 of the Dungeon.
You visited 1 branch of the dungeon, and saw 2 of its levels.

You collected 78 gold pieces.


Innate Abilities, Weirdness & Mutations

You have very sharp teeth.
Your uncanny sense of smell can sniff out nearby items.
Your experience applies equally to all skills.


   Skills:
 + Level 2.7 Fighting
 + Level 1.1 Short Blades
 + Level 1.1 Long Blades
 + Level 1.1 Axes
 + Level 1.1 Maces & Flails
 + Level 1.1 Polearms
 + Level 1.1 Staves
 + Level 1.1 Ranged Weapons
 + Level 1.1 Throwing
 + Level 1.1 Armour
 + Level 4.6 Dodging
 + Level 1.1 Stealth
 + Level 1.1 Shields
 + Level 6.6 Unarmed Combat
 + Level 5.1 Spellcasting
 + Level 0.9 Conjurations
 + Level 0.9 Hexes
 + Level 0.9 Summonings
 + Level 0.9 Necromancy
 + Level 0.9 Translocations
 + Level 3.8 Transmutations
 + Level 0.9 Fire Magic
 + Level 0.9 Ice Magic
 + Level 0.9 Air Magic
 + Level 0.9 Earth Magic
 + Level 0.9 Poison Magic
 + Level 1.2 Invocations
 + Level 1.1 Evocations


You had 3 spell levels left.
You knew the following spells:

 Your Spells              Type           Power      Damage    Failure   Level
e - Beastly Appendage     Tmut           36%        N/A       2%          1
i - Spider Form           Tmut/Pois      13%        N/A       14%         3
o - Ice Form              Ice/Tmut       13%        N/A       43%         4
X - Wereblood             Tmut           18%        N/A       4%          2

Your spell library contained the following spells:

 Spells                   Type           Power      Damage    Failure   Level


Inventory:

Hand Weapons
 k - a +1 mace of holy wrath (weapon)
Armour
 a - a +0 robe (worn)
 i - a +0 pair of boots (worn)
 l - a +0 pair of gloves (worn)
 p - a +0 pair of gloves
Magical Staves
 n - a staff of cold {!a}
Jewellery
 I - a +6 ring of intelligence (left hand)
Scrolls
 d - a scroll of poison {unknown}
 e - a scroll of vulnerability {unknown}
 g - 3 scrolls of identify {unknown}
 j - a scroll of teleportation {unknown}
 o - a scroll of noise {unknown}
Potions
 b - 2 potions of lignification {!q}
 c - a potion of curing {unknown}
 f - a potion of mutation {unknown}
 h - a potion of brilliance {unknown}
 m - a potion of berserk rage {unknown}

Dungeon Overview and Level Annotations

Branches:
Dungeon (2/15)

Altars:

#.#.## #...~..~##.#.# #.# #....##
#...~≈..##.#.# #.#
##<....###.~.~~..##.#.# #.#
#.........~.~~~~~##.#.##### #.#
.......#..~..≈≈..##.#..†..# #.#
##..........~~~.~##.#####.# #.#
##.#.###....~≈≈~.##.# #.# #.#
.........#..~~~.~...#####.# #.#
####.##....~.~~~@......##.# #.#
#.###...~~~~~.........<# #.# #
##.#####..~≈≈..#..##.########.#
###...####...≈≈~.#..##..........#
........##.##≈≈#.#..##.##########
.##...#.##.###≈#....##.#
####.##.##.# #≈#.#.###.#
.....##.##.# ###.#.# #.#
..#####.##.# #.#.# #.#


There were no monsters in sight!


Message History

You miss the quokka.
The quokka bites you but does no damage.
The quokka splashes around in the water.
Your unstable footing causes you to fumble your attack.
The quokka splashes around in the water.
The quokka barely misses you.
You miss the quokka. Your bite misses the quokka. The quokka bites you.
You hit the quokka. Your bite misses the quokka.
The quokka is almost dead.
The quokka splashes around in the water.
The quokka closely misses you.
Your unstable footing causes you to fumble your attack.
The quokka splashes around in the water.
You hit the quokka.
You kill the quokka!
No target in view!
No target in view!
g - 3 scrolls labelled SUNKAU RIKIU (gained 1)
p - a +0 pair of gloves
Found 5 gold pieces.
You now have 78 gold pieces (gained 5).
Things that are here:
a +3 dagger; a goblin corpse You see here 6 stones.
Partly explored, can't reach some places.
No target in view!
Partly explored, can't reach some places.
Partly explored, can't reach some places.
You finish putting on your +0 pair of gloves.
Are you sure you want to abandon this character and quit the game? (Confirm with "yes".)

Skill      XL: |  1  2  3 |
---------------+----------+-----
Spellcasting   | 5 |  5.1
Invocations    | 1 |  1.2
Short Blades   | 1 |  1.1
Long Blades    | 1 |  1.1
Axes           | 1 |  1.1
Maces & Flails | 1 |  1.1
Polearms       | 1 |  1.1
Staves         | 1 |  1.1
Ranged Weapons | 1 |  1.1
Throwing       | 1 |  1.1
Armour         | 1 |  1.1
Stealth        | 1 |  1.1
Shields        | 1 |  1.1
Evocations     | 1 |  1.1
Fighting       | |  2.7
Dodging        | |  4.6
Unarmed Combat | |  6.6
Conjurations   | |  0.9
Hexes          | |  0.9
Summonings     | |  0.9
Necromancy     | |  0.9
Translocations | |  0.9
Transmutations | |  3.8
Fire Magic     | |  0.9
Ice Magic      | |  0.9
Air Magic      | |  0.9
Earth Magic    | |  0.9
Poison Magic   | |  0.9

Action                   |  1- 3 |  4- 6 || total
-------------------------+-------+-------++-------
Melee: Unarmed           |    98 |       ||    98
       Bite              |    11 |       ||    11
       Punch             |     7 |     3 ||    10
       Mace              |    32 |    27 ||    59
       Kick              |     2 |       ||     2
       Headbutt          |     1 |       ||     1
 Cast: Beastly Appendage |     2 |       ||     2
 Abil: End Transformatio |     1 |       ||     1
 Stab: Sleeping          |     1 |     1 ||     2
Armor: Robe              |    39 |     4 ||    43
Dodge: Dodged            |   143 |    21 ||   164

Levels and vault maps discovered:
D:1:      lightli_arrival_flooded_house, layout_basic, serial_corexii_hall,
          corexii_hall_statues_u, corexii_hall_statues_i
D:2:      layout_loops_ring, serial_rivers, chequers_serial_rivers_marsh,
          chequers_serial_rivers_micro_b, chequers_serial_rivers_micro_d,
          chequers_serial_rivers_micro_c, chequers_serial_rivers_small_3

Notes
Turn   | Place    | Note
-------+----------+-------------------------------------------
     0 | D:1      | OTABOTABOTAB the Gnoll Transmuter began the quest for the
                  | Orb.
     0 | D:1      | Reached XP level 1. HP: 17/17 MP: 6/6
    40 | D:1      | Reached XP level 2. HP: 9/23 MP: 7/7
   436 | D:1      | Reached skill level 5 in Spellcasting
   436 | D:1      | Reached XP level 3. HP: 28/28 MP: 7/9
  1042 | D:1      | Learned a level 2 spell: Wereblood
  1046 | D:1      | Learned a level 3 spell: Spider Form
  1195 | D:2      | Reached skill level 1 in Invocations
  1324 | D:2      | Reached skill level 1 in Short Blades
  1324 | D:2      | Reached skill level 1 in Long Blades
  1324 | D:2      | Reached skill level 1 in Axes
  1324 | D:2      | Reached skill level 1 in Maces & Flails
  1324 | D:2      | Reached skill level 1 in Polearms
  1324 | D:2      | Reached skill level 1 in Staves
  1324 | D:2      | Reached skill level 1 in Ranged Weapons
  1324 | D:2      | Reached skill level 1 in Throwing
  1324 | D:2      | Reached skill level 1 in Armour
  1324 | D:2      | Reached skill level 1 in Stealth
  1324 | D:2      | Reached skill level 1 in Shields
  1324 | D:2      | Reached skill level 1 in Evocations
  1548 | D:2      | Reached XP level 4. HP: 34/34 MP: 11/11
  1640 | D:2      | Learned a level 4 spell: Ice Form
  1952 | D:2      | Quit the game

Vanquished Creatures
  2 adders (D:2)
  3 ball pythons (D:1)
  7 endoplasms
  3 giant cockroaches
  5 goblins
  5 hobgoblins
  7 jackals
  4 quokkas
  6 bats
  2 frilled lizards (D:1)
  5 rats
49 creatures vanquished.

Table legend: (Time is in decaauts)
 A = Elapsed time spent in this place.
 B = Non-inter-level travel time spent in this place.
 C = Inter-level travel time spent in this place.
 D = Time resting spent in this place.
 E = Time spent auto-exploring this place.
 F = Levels seen in this place.
 G = Mean time per level.
                   A        B        C        D        E       F      G
               +--------+--------+--------+--------+--------+-----+--------+
         Total |   1965 |   1914 |     51 |      0 |   1546 |   2 |  982.5 |
       Dungeon |   1965 |   1914 |     51 |      0 |   1546 |   2 |  982.5 |
               +--------+--------+--------+--------+--------+-----+--------+

Top non-repeatable levels by time:
     D:1: 1120 daAuts
     D:2: 845 daAuts

Table legend:
 A = Non-vault XP
 B = Vault XP
 C = Vault XP percentage of total XP
 D = Non-vault monster count
 E = Vault monster count
 F = Vault count percentage of total count
                 A         B        C        D         E       F
            +---------+---------+-------+---------+---------+-------
      Total |     107 |       0 |   0.0 |      49 |       0 |   0.0
            +---------+---------+-------+---------+---------+-------
        D:1 |      47 |       0 |   0.0 |      28 |       0 |   0.0
        D:2 |      60 |       0 |   0.0 |      21 |       0 |   0.0
            +---------+---------+-------+---------+---------+-------
